 Dungeon Crawl Stone Soup version 0.30.0-5-g1a98f26d00 (webtiles) character file.

Game seed: 16184163098901339617

316 sasquatch the Chopper (level 6, -2/62 HPs)
             Began as an Ogre Berserker on May 9, 2023.
             Was a Believer of Trog.
             Succumbed to an orc wizard's poison
             ... on level 3 of the Dungeon.
             The game lasted 00:02:56 (1849 turns).

sasquatch the Chopper (Ogre Berserker)              Turns: 1849, Time: 00:02:57

Health: -2/62      AC:  3    Str: 24    XL:     6   Next: 44%
Magic:  6/6        EV: 10    Int:  8    God:    Trog [**....]
Gold:   177        SH:  0    Dex:  8    Spells: 5/5 levels left

rFire   . . .        a - +0 hand axe
rCold   . . .        (no shield)
rNeg    . . .        b - +0 animal skin
rPois   .            (helmet restricted)
rElec   .            (no cloak)
rCorr   .            (gloves unavailable)
SInv    .            (boots unavailable)
Will    .....        (no amulet)
Stlth   +            (no ring)
HPRegen 0.30/turn    (no ring)
MPRegen 0.10/turn

%: no passive effects
@: lethally poisoned (-2 -> -35), on berserk cooldown, flying, slowed, very slow
A: large, unfitting armour, tough skin 1
a: Renounce Religion, Berserk, Trog's Hand


You were on level 3 of the Dungeon.
You worshipped Trog.
Trog was pleased with you.
You visited 1 branch of the dungeon, and saw 3 of its levels.

You collected 177 gold pieces.

Inventory:

Hand Weapons
 a - a +0 hand axe (weapon)
Missiles
 f - 6 boomerangs (quivered)
 l - 4 javelins
Armour
 b - a +0 animal skin (worn)
Wands
 m - a wand of flame (15)
Scrolls
 c - a scroll of fog
 d - 4 scrolls of identify {unknown}
 h - 2 scrolls of fear {unknown}
 i - a scroll of brand weapon {unknown}
 j - a scroll of poison {unknown}
 n - a scroll of teleportation
Potions
 g - a potion of lignification {unknown}
 k - a potion of degeneration {unknown}
 o - a potion of attraction {unknown}
 p - a potion of curing {unknown}


   Skills:
 + Level 4.2 Fighting
 * Level 6.9 Axes
 - Level 2.6 Dodging


You had 5 spell levels left.
You didn't know any spells.
Your spell library was empty.

Dungeon Overview and Level Annotations

Branches:
Dungeon (3/15)

Altars:

Shops:
D:2 (


Innate Abilities, Weirdness & Mutations

You are too large for most types of armour.
You have tough skin. (AC +1)


Message History

You feel very sick. Something hits you.
You are more poisoned.
Unknown command.
You barely miss something.
You feel very sick. Something hits you but does no damage.
You are more poisoned.
Unknown command.
You barely miss something.
You feel very sick.
Unknown command.
You barely miss something.
You feel very sick. Something hits you.
* * * LOW HITPOINT WARNING * * *
You are lethally poisoned!
Unknown command.
You barely miss something.
* * * LOW HITPOINT WARNING * * *
You feel very sick. Something hits you but does no damage.
You are more poisoned.
Unknown command.
You miss something.
* * * LOW HITPOINT WARNING * * *
You feel very sick.
Unknown command.
You closely miss something.
You are no longer berserk.
You are exhausted.
You feel yourself slow down.
* * * LOW HITPOINT WARNING * * *
You feel very sick. Something hits you but does no damage.
You are more poisoned.
It was a potion of flight.
You feel very buoyant.
You fly up into the air.
You die...

.########.)......#
)###############.#
........ .. #.#
..###### #o #.#
.## #. #.# .# #o
#.# .# #{ #.# .#
#h##{## .#
#.#)@.## ##
##.)###.# #...#
#.# #...###.#
#..#...## #..#####
#.. #.. #..


There were no monsters in sight!

Vanquished Creatures
  Sigmund (D:2)
  An orc priest (D:3)
  Natasha (D:3)
  Robin (D:2)
  3 adders
  2 dart slugs
  4 orcs
  7 ball pythons
  4 bats
  6 endoplasms
  5 giant cockroaches
  12 goblins
  7 hobgoblins
  4 kobolds (D:1)
  2 quokkas
  2 frilled lizards
  2 rats
64 creatures vanquished.

Notes
Turn   | Place    | Note
-------+----------+-------------------------------------------
     0 | D:1      | sasquatch the Ogre Berserker began the quest for the Orb.
     0 | D:1      | Reached XP level 1. HP: 24/24 MP: 1/1
   157 | D:1      | Reached XP level 2. HP: 32/32 MP: 2/2
   525 | D:1      | Reached skill level 4 in Axes
   536 | D:1      | Reached XP level 3. HP: 35/39 MP: 3/3
   638 | D:2      | Noticed Sigmund
   727 | D:2      | Reached ** piety under Trog
  1014 | D:2      | Killed Sigmund
  1015 | D:2      | Reached skill level 6 in Axes
  1015 | D:2      | Reached XP level 4. HP: 48/48 MP: 4/4
  1015 | D:2      | Reached XP level 5. HP: 54/54 MP: 5/5
  1094 | D:2      | Found Gyta's Weapon Shoppe.
  1266 | D:2      | Noticed Robin
  1280 | D:2      | Killed Robin
  1281 | D:2      | Reached XP level 6. HP: 62/62 MP: 6/6
  1821 | D:3      | Noticed Natasha
  1835 | D:3      | Killed Natasha
  1849 | D:3      | Succumbed to an orc wizard's poison

Illustrated notes

Levels and vault maps discovered:
D:1:      wheals_arrival_shading, layout_rooms
D:2:      layout_basic, serial_shops, nicolae_shop_waterfront, uniq_sigmund,
          uniq_robin
D:3:      layout_loops_ring, gammafunk_ghost_split, hangedman_decor_riveting,
          hex_medium, uniq_natasha, uniq_ijyb

Skill      XL: |  1  2  3 |
---------------+----------+-----
Axes           | 4 6 |  6.9
Fighting       | |  4.2
Dodging        | |  2.6

Action                     |  1- 3 |  4- 6 || total
---------------------------+-------+-------++-------
  Melee: Hand axe          |   106 |    85 ||   191
         Punch             |     1 |     2 ||     3
 Invoke: Berserk           |     1 |     2 ||     3
         Trog's Hand       |     1 |       ||     1
    Use: Scroll            |     3 |       ||     3
         Potion            |       |     1 ||     1
 Armour: Animal skin       |    37 |    22 ||    59
  Dodge: Dodged            |    80 |    32 ||   112
